 Dungeon Crawl Stone Soup version 0.22.1-1-ga44c0e5 (webtiles) character file.

8715 Zebedee the Summoner (level 11, 0/81 HPs)
             Began as a Barachi Summoner on Sept 24, 2018.
             Was the Champion of Cheibriados.
             Slain by a yak (6 damage)
             ... on level 11 of the Dungeon.
             The game lasted 01:04:38 (14398 turns).

Zebedee the Summoner (Barachi Summoner)            Turns: 14398, Time: 01:04:39

Health: 0/81       AC: 11    Str: 30    XL:     11   Next: 35%
Magic:  27/31      EV: 19    Int: 31    God:    Cheibriados [******]
Gold:   466        SH:  0    Dex: 28    Spells: 8/25 levels left

rFire    . . .     SeeInvis .   A - +7 trident
rCold    . . .     Gourm    .   (no shield)
rNeg     . . .     Faith    .   E - +0 ring mail of Greater Demons {+Fly Str+3 Stlth+}
rPois    .         Spirit   .   C - +0 helmet (curse)
rElec    .         Reflect  .   (no cloak)
rCorr    .         Harm     .   F - +2 pair of gloves
MR       .....                  (no boots)
Stlth    +++.......             (no amulet)
HPRegen  0.23/turn              q - +4 ring of evasion
MPRegen  0.22/turn              I - ring of magical power

@: very slightly contaminated, very slow
A: +LOS, swims, slowness 1, strong legs 1
a: Hop, Bend Time, Temporal Distortion, Slouch, Step From Time, Renounce
Religion, Evoke Flight


You were on level 11 of the Dungeon.
You worshipped Cheibriados.
Cheibriados was exalted by your worship.
You were not hungry.

You visited 2 branches of the dungeon, and saw 12 of its levels.
You also visited: Ossuary.

You collected 466 gold pieces.

Inventory:

Hand Weapons
 h - a +0 dagger
 j - a +0 short sword of holy wrath
 n - a +4 dagger
 A - a +7 trident (weapon)
Missiles
 o - 13 tomahawks (quivered)
 v - 51 poisoned needles
Armour
 a - a +0 robe
 p - a +0 ring mail
 C - a cursed +0 helmet (worn)
 E - the +0 ring mail of Greater Demons (worn) {+Fly Str+3 Stlth+}
   (You found it on level 7 of the Dungeon)

   It affects your strength (+3).
   It lets you fly.
   It makes you more stealthy.
 F - a +2 pair of gloves (worn)
 H - a +0 hat
Jewellery
 q - a +4 ring of evasion (left hand)
 B - an uncursed ring of wizardry
 I - a ring of magical power (right hand)
 L - an uncursed ring of flight
 M - an uncursed ring of fire
 N - an uncursed ring of positive energy
Wands
 f - a wand of enslavement (10)
 r - a wand of disintegration (16)
 J - a wand of iceblast (15)
Scrolls
 b - 2 scrolls of enchant armour
 w - 2 scrolls of fog
 x - 2 scrolls of remove curse
 y - 2 scrolls of identify
 z - 4 scrolls of teleportation
 D - a scroll of amnesia
Potions
 d - 5 potions of flight
 e - a potion of curing
 g - 2 potions of resistance
 i - 4 potions of haste
 k - 4 potions of lignification
 l - 2 potions of agility {unknown}
 m - a potion of berserk rage {unknown}
 s - 4 potions of heal wounds {unknown}
 t - a potion of ambrosia {unknown}
 u - 2 potions of might
 G - a potion of cancellation {unknown}
Comestibles
 c - 24 rations


   Skills:
 + Level 5.6 Fighting
 - Level 2.5 Short Blades
 + Level 7.7 Polearms
 - Level 8.0 Armour
 * Level 4.2 Dodging
 - Level 2.0 Stealth
 + Level 7.8 Spellcasting
 - Level 3.1 Hexes
 + Level 9.8 Summonings
 * Level 5.1 Ice Magic
 - Level 4.0 Air Magic
 * Level 1.0 Invocations


You had 8 spell levels left.
You knew the following spells:

 Your Spells              Type           Power        Failure   Level  Hunger
a - Summon Small Mammal   Summ           ####         1%          1    None
b - Call Imp              Summ           ######..     1%          2    None
c - Call Canine Familiar  Summ           ######..     1%          3    None
d - Summon Lightning Spi  Summ/Air       ######..     3%          4    #......
e - Summon Guardian Gole  Hex/Summ       ######..     1%          3    None
f - Summon Ice Beast      Ice/Summ       ######..     2%          4    #......

Your spell library contained the following spells:

 Spells                   Type           Power        Failure   Level  Hunger


Dungeon Overview and Level Annotations

Branches:
Dungeon (11/15)            Temple (1/1) D:4            Lair (0/6) D:8
    Orc (0/2) D:9

Altars:
Ashenzari
Cheibriados
Dithmenos
Elyvilon
Fedhas
Gozag
Hepliaklqana
Kikubaaqudgha
Makhleb
Nemelex Xobeh
Okawaru
Qazlal
Ru
Sif Muna
Trog
Uskayaw
Vehumet
Wu Jian
Xom
Yredelemnul
Zin
The Shining One

Shops:
D:2 *   D:10 }

Annotations:
D:7 exclusion: downstairs
D:8 exclusion: downstairs


Innate Abilities, Weirdness & Mutations

Shadows flee at your approach. (+LOS)
You can swim through water.
You cover ground slowly.
You can hop short distances.


Message History

The yak dies!
Cheibriados thoroughly appreciates the change of pace.
Your Invocations skill increases to level 1!
The yak gores your lightning spire! The yak gores your lightning spire.
The yak gores you!
Your lightning spire shoots out a bolt of lightning at the yak!
The bolt of electricity hits the yak.
The yak gores your lightning spire but does no damage.
The yak closely misses you. The yak completely misses you.
There is an open door here.
The yak completely misses you. The yak closely misses you. The yak gores you!
* * * LOW HITPOINT WARNING * * *
The yak misses you. The yak completely misses you.
The yak gores you but does no damage.
The yak gores you but does no damage. x2; The yak gores you!
* * * LOW HITPOINT WARNING * * *
The yak misses you. The yak barely misses you. The yak gores you.
You die...

..####.##.#######...............
######.##.##......###############
...........#.#..#.'....# ...
....(......'......#..(.####### #.
...........########....#.....###.
.......#+#### #.......#.....#...
######.#....# #Y......#..)..#...
######.#.#..####YY.....#.....#...
##.....#....#.##@#######.....####
##.....'....#.##.####..###'##....
##.....#.#..#......##.......#.##.
######+#.#..#'###############....
####..........................###
...#.#..#'##........####......#
...#.#..#..#........####......#
...#.#..#..#..................##
##+#....#..######'####+####....#


You could see 3 yaks.

Vanquished Creatures
  A hippogriff (D:8)
  3 yaks
  A wraith (D:10)
  A hungry ghost (D:7)
  2 sky beasts
  4 ogres
  An orc warrior (D:8)
  A phantom (D:8)
  A wolf (D:8)
  A necrophage (D:8)
  A centaur (D:11)
  3 bullfrogs
  3 scorpions
  A wight (D:7)
  3 howler monkeys (D:7)
  4 crimson imps
  A jelly (D:9)
  3 orc priests
  2 bullfrog skeletons
  2 centaur skeletons
  4 hounds
  6 orc wizards
  4 worker ants
  3 big kobold zombies (Ossuary)
  2 hound zombies
  3 hound skeletons
  2 mummies (Ossuary)
  A howler monkey zombie (D:9)
  A worker ant zombie (D:9)
  6 adders
  7 river rats (D:6)
  2 shadow imps (D:9)
  3 oozes
  6 adder zombies (Ossuary)
  An adder skeleton (D:7)
  A dart slug (D:2)
  18 orcs
  7 bats
  5 giant cockroaches
  A gnoll zombie (Ossuary)
  5 goblins
  6 hobgoblins
  2 jackals (D:3)
  15 quokkas
  2 ball pythons
  5 frilled lizards
  3 hobgoblin zombies (Ossuary)
  8 kobolds
  2 kobold zombies (Ossuary)
  4 orc zombies (Ossuary)
  A quokka zombie (D:7)
  16 rats
191 creatures vanquished.

Vanquished Creatures (collateral kills)
  Josephine (D:10)
  Erolcha (D:9)
  An ugly thing (D:11)
  Psyche (D:8)
  A komodo dragon (D:8)
  4 hippogriffs
  A human (D:10)
  3 wraiths (D:10)
  Grum (D:8)
  13 yaks
  A water moccasin (D:6)
  Duvessa (D:7)
  An orc warrior (D:8)
  3 ice beasts
  A necrophage (D:10)
  3 ogres
  A phantom (D:4)
  A wolf (D:8)
  6 centaurs
  2 bullfrogs (D:6)
  A big kobold (D:9)
  A water moccasin zombie (Ossuary)
  Dowan (D:7)
  2 scorpions
  3 killer bees
  12 wights
  A howler monkey (D:7)
  A jelly (D:7)
  2 crimson imps (D:6)
  3 orc priests
  A hound (D:6)
  3 orc wizards
  3 worker ants (D:6)
  3 adders
  2 river rats (D:6)
  An ooze (D:3)
  An adder zombie (Ossuary)
  A worm (D:3)
  4 leopard geckos
  16 orcs
  7 bats
  A giant cockroach (D:1)
  2 goblins
  A hobgoblin (D:1)
  4 jackals
  7 kobolds
  3 quokkas
  5 frilled lizards
  A hobgoblin zombie (Ossuary)
  3 kobold zombies (Ossuary)
  An orc zombie (Ossuary)
  5 rats (D:6)
  2 plants (D:8)
151 creatures vanquished.

Vanquished Creatures (others)
  A plant (D:8)
1 creature vanquished.

Grand Total: 343 creatures vanquished

Notes
Turn   | Place    | Note
-------+----------+-------------------------------------------
     0 | D:1      | Zebedee the Barachi Summoner began the quest for the Orb.
     0 | D:1      | Reached XP level 1. HP: 13/13 MP: 3/3
   198 | D:1      | Reached skill level 5 in Summonings
   501 | D:1      | Reached XP level 2. HP: 12/19 MP: 1/5
   823 | D:1      | Learned a level 2 spell: Call Imp
  1733 | D:2      | Reached XP level 3. HP: 23/25 MP: 6/6
  2085 | D:2      | Found Zin's Purification Station.
  2088 | D:2      | Found a glowing silver altar of Zin.
  2769 | D:2      | Reached skill level 1 in Fighting
  3019 | D:2      | You fall through a shaft!
  3030 | D:3      | Reached XP level 4. HP: 10/32 MP: 2/8
  3249 | D:3      | Learned a level 3 spell: Call Canine Familiar
  3461 | D:3      | Reached skill level 1 in Short Blades
  3715 | D:3      | Reached XP level 5. HP: 26/37 MP: 9/9
  3847 | D:3      | Found a burning altar of Makhleb.
  4017 | D:4      | Reached skill level 1 in Armour
  4056 | D:4      | Noticed an ogre
  4147 | D:4      | Killed an ogre
  4147 | D:4      | Reached skill level 6 in Summonings
  4199 | D:4      | Found a sand-covered staircase.
  4223 | Ossuary  | Entered an ossuary
  4538 | Ossuary  | Reached XP level 6. HP: 36/43 MP: 8/11
  5622 | D:4      | Noticed a phantom
  5732 | D:4      | Killed a phantom
  5961 | D:4      | Reached XP level 7. HP: 34/49 MP: 3/13
  6130 | D:4      | Found a staircase to the Ecumenical Temple.
  6139 | Temple   | Entered the Ecumenical Temple
  6377 | Temple   | Became a worshipper of Cheibriados the Contemplative
  6419 | D:4      | Found a blossoming altar of Fedhas.
  6746 | D:5      | Entered Level 5 of the Dungeon
  7743 | D:6      | Reached skill level 5 in Armour
  7757 | D:6      | Reached skill level 7 in Summonings
  7758 | D:6      | HP: 2/50 [poisoned by a worker ant]
  7811 | D:6      | Reached XP level 8. HP: 20/56 MP: 8/15
  8064 | D:6      | Learned a level 4 spell: Summon Lightning Spire
  8160 | D:6      | Reached skill level 5 in Spellcasting
  8398 | D:6      | Reached * piety under Cheibriados
  8651 | D:6      | Reached skill level 1 in Air Magic
  8905 | D:6      | Reached ** piety under Cheibriados
  8913 | D:6      | Reached skill level 8 in Summonings
  9098 | D:6      | Reached *** piety under Cheibriados
  9098 | D:6      | Reached skill level 1 in Polearms
  9505 | D:7      | Reached XP level 9. HP: 63/63 MP: 13/17
  9530 | D:7      | Noticed Duvessa
  9531 | D:7      | Noticed Dowan
  9536 | D:7      | Killed Duvessa
  9540 | D:7      | Killed Dowan
  9697 | D:7      | Reached **** piety under Cheibriados
  9811 | D:7      | Found a shattered altar of Ashenzari.
  9980 | D:7      | Learned a level 3 spell: Summon Guardian Golem
 10061 | D:7      | Got a transparent ring mail
 10072 | D:7      | Identified the +0 ring mail of Greater Demons {+Fly Str+3
                  | Stlth+} (You found it on level 7 of the Dungeon)
 10604 | D:8      | Reached skill level 1 in Hexes
 10702 | D:8      | Noticed Grum
 10725 | D:8      | Killed Grum
 10986 | D:8      | Noticed Psyche
 11000 | D:8      | Killed Psyche
 11000 | D:8      | Reached XP level 10. HP: 50/71 MP: 9/19
 11006 | D:8      | Reached skill level 5 in Polearms
 11019 | D:8      | Reached ***** piety under Cheibriados
 11242 | D:8      | Learned a level 4 spell: Summon Ice Beast
 11606 | D:8      | Reached skill level 1 in Ice Magic
 11612 | D:8      | Found a staircase to the Lair.
 11809 | D:9      | Reached skill level 9 in Summonings
 11957 | D:9      | Noticed Erolcha
 11963 | D:9      | Killed Erolcha
 12119 | D:9      | Found a staircase to the Orcish Mines.
 12367 | D:9      | Reached skill level 5 in Fighting
 12387 | D:9      | Noticed a two-headed ogre
 12724 | D:9      | Found a blossoming altar of Fedhas.
 12906 | D:10     | Entered Level 10 of the Dungeon
 13082 | D:10     | Found Big Lant's Gadget Shop.
 13161 | D:10     | Noticed Josephine
 13173 | D:10     | Killed Josephine
 13173 | D:10     | Reached XP level 11. HP: 44/80 MP: 22/22
 13243 | D:10     | You fall through a shaft!
 13294 | D:11     | Reached ****** piety under Cheibriados
 13304 | D:11     | Noticed a green ugly thing
 13313 | D:11     | Killed a green ugly thing
 14167 | D:11     | Reached skill level 5 in Ice Magic
 14390 | D:11     | Reached skill level 1 in Invocations
 14398 | D:11     | Slain by a yak

Skill      XL: |  1  2  3  4  5  6  7  8  9 10 11 |
---------------+----------------------------------+-----
Summonings     | 5 6 7 8 9 |  9.8
Fighting       | 1 2 3 5 |  5.6
Spellcasting   | 3 4 5 6 7 |  7.8
Short Blades   | 1 2 |  2.5
Stealth        | 2 |  2.0
Armour         | 2 3 5 6 7 8 |  8.0
Air Magic      | 2 4 |  4.0
Polearms       | 1 4 7 |  7.7
Hexes          | 2 3 |  3.1
Ice Magic      | 4 5 |  5.1
Dodging        | 3 4 |  4.2
Invocations    | 1 |  1.0

Action                   |  1- 3 |  4- 6 |  7- 9 | 10-12 || total
-------------------------+-------+-------+-------+-------++-------
Melee: Unarmed           |    17 |       |       |       ||    17
       Dagger            |    14 |   208 |   169 |       ||   391
       Short sword       |    99 |       |       |       ||    99
       Trident           |       |       |   192 |   182 ||   374
 Cast: Summon Small Mamm |    24 |     6 |       |       ||    30
       Call Imp          |     8 |    21 |    31 |     1 ||    61
       Call Canine Famil |       |    18 |    24 |    13 ||    55
       Summon Lightning  |       |       |     4 |    16 ||    20
       Summon Guardian G |       |       |     2 |       ||     2
       Summon Ice Beast  |       |       |       |     2 ||     2
 Abil: Hop               |       |     1 |       |     2 ||     3
  Use: Scroll            |       |    10 |    17 |     1 ||    28
       Potion            |       |       |     4 |     2 ||     6
 Stab: Sleeping          |     4 |     1 |     1 |     5 ||    11
       Distracted        |       |     2 |     4 |     4 ||    10
  Eat: Chunk             |     8 |     9 |    10 |     8 ||    35
       Ration            |       |     1 |     2 |       ||     3
Armor: Robe              |    57 |     2 |       |       ||    59
       Ring mail         |       |    51 |    74 |    51 ||   176
Dodge: Dodged            |   154 |   109 |   284 |   135 ||   682
